 Dungeon Sprint DCSS version 0.31-a0-931-g7b59d4eb97 (webtiles) character file.

Game seed: 5353112019059602469

926 dialectric the Imperceptible (level 7, 0/37 HPs)
             Began as a Spriggan Brigand on Oct 20, 2023.
             Succumbed to a water moccasin's poison
             ... in the Dungeon (Sprint II: "The Violet Keep of Menkaure").
             The game lasted 00:01:12 (169 turns).

dialectric the Imperceptible (Spriggan Brigand)      Turns: 169, Time: 00:01:13

Health: 0/37       AC:  3    Str:  7    XL:     7   Next: 85%
Magic:  8/8        EV: 18    Int: 13    God:
Gold:   972        SH:  0    Dex: 18    Spells: 6/6 levels left

rFire   . . .        a - +2 dagger
rCold   . . .        (no shield)
rNeg    . . .        b - +0 robe
rPois   .            (helmet restricted)
rElec   .            c - +0 cloak
rCorr   .            (gloves unavailable)
SInv    +            (boots unavailable)
Will    +....        (no amulet)
Stlth   ++++++++     (no ring)
HPRegen 0.26/turn    (no ring)
MPRegen 0.11/turn

%: no teleportation
@: lethally poisoned (0 -> -10), very quick
A: very small, no large weapons, unfitting armour, see invisible, speed 3
a: no special abilities


You were in the Dungeon.
You visited 1 branch You collected 972 gold pieces.

Inventory:

Hand Weapons
 a - a +2 dagger (weapon)
Missiles
 d - 8 poisoned darts
 e - a curare-tipped dart (quivered)
Armour
 b - a +0 robe (worn)
 c - a +0 cloak (worn)
Scrolls
 k - a scroll of blinking
Potions
 f - a potion of curing
 h - a potion of haste
 i - 2 potions of magic


   Skills:
 + Level 4.1 Fighting
 + Level 6.9 Short Blades
 + Level 6.0 Throwing
 + Level 3.4 Dodging
 + Level 21.4 Stealth


You had 6 spell levels left.
You didn't know any spells.
Your spell library was empty.

Dungeon Overview and Level Annotations

Branches:
Dungeon (1/1)

Altars:
Cheibriados
Dithmenos
Elyvilon
Fedhas
Gozag
Kikubaaqudgha
Makhleb
Trog
Lugonu

Shops:
D !=:?=:([[(?!


Innate Abilities, Weirdness & Mutations

You are very small and have problems with some larger weapons.
You are too small for most types of armour.
You have supernaturally acute eyesight. (SInv)
You cover ground extremely quickly. (Speed+++)


Message History

Press: ? - help, Q - select action, (/) - cycle Shift-Dir - straight line, f/p - water moccasin
Aim: a water moccasin (moderately wounded, 48% to hit)
You throw a curare-tipped dart.
The curare-tipped dart misses the water moccasin.
The water moccasin bites you.
You are poisoned.
The water moccasin poisons you!
Unknown command.
You barely miss the water moccasin.
The water moccasin is moderately wounded.
You feel sick. The water moccasin bites you.
Unknown command.
You miss the water moccasin.
The water moccasin is moderately wounded.
You feel sick. The water moccasin closely misses you.
You closely miss the water moccasin.
The water moccasin is moderately wounded.
You feel sick.
You hit the water moccasin.
The water moccasin is heavily wounded.
You feel sick.
The water moccasin bites you but does no damage.
You hit the water moccasin.
The water moccasin is severely wounded.
You feel sick. The water moccasin bites you.
You are lethally poisoned!
The water moccasin poisons you!
You hit the water moccasin but do no damage.
The water moccasin is severely wounded.
* * * LOW HITPOINT WARNING * * *
You feel sick. The water moccasin bites you.
* * * LOW HITPOINT WARNING * * *
You hit the water moccasin.
The water moccasin is severely wounded.
* * * LOW HITPOINT WARNING * * *
You feel very sick. The water moccasin misses you.
You closely miss the water moccasin.
The water moccasin is severely wounded.
You die...

~.##'##..# ~##...##.####
~#.)#..#....#
###...####..##
†###'###†##..#
..##.##...#..#
#.'.<.'##.+..### ###
..##.##.###....###.^.##▓
.###'###†##...§§@S~~~~~(
###.#.####~~..§..~#+####
#..#..#~~§§~§§§.~#.....
###.###~~§§§~~~.~#...._
#+##~~~§≈≈~§~~~#..._.
~~~~§§≈§§~~~#.._._
++#~≈≈§≈§≈§~#._._.
##≈≈≈###≈≈#_._._


You could see a water moccasin.

Vanquished Creatures
  A merfolk siren (D)
  Menkaure (D)
  4 scorpions (D)
  4 necrophages (D)
  3 worms (D)
13 creatures vanquished.

Notes
Turn   | Place    | Note
-------+----------+-------------------------------------------
     0 | D        | dialectric the Spriggan Brigand began the quest for the
                  | Orb.
     0 | D        | Reached XP level 1. HP: 10/10 MP: 2/2
     1 | D        | Noticed a necrophage
     1 | D        | Noticed a necrophage
     1 | D        | Noticed a necrophage
     1 | D        | Noticed a necrophage
     4 | D        | Killed a necrophage
     5 | D        | Reached skill level 11 in Stealth
     5 | D        | Reached XP level 2. HP: 15/15 MP: 3/3
     5 | D        | Reached XP level 3. HP: 18/18 MP: 4/4
     7 | D        | Found Secwez's Distillery.
     8 | D        | Found Kootexuu's Antique Armour Boutique.
     8 | D        | Found Teanur's Antique Armour Shop.
     8 | D        | Found Tolicoirr's Book Boutique.
     8 | D        | Found Ninatt's Book Boutique.
     8 | D        | Found Gizey's Jewellery Shop.
     8 | D        | Found Heijeis's Jewellery Shop.
     8 | D        | Found Ripp's Antique Weapon Shop.
     8 | D        | Found Qumaxas's Distillery.
     8 | D        | Found Roylom's Antique Weapon Shop.
     8 | D        | Found Kacuoc's Magic Scroll Boutique.
    13 | D        | Killed a necrophage
    14 | D        | Reached skill level 13 in Stealth
    14 | D        | Reached XP level 4. HP: 23/23 MP: 5/5
    18 | D        | Killed a necrophage
    19 | D        | Reached skill level 14 in Stealth
    19 | D        | Reached XP level 5. HP: 28/28 MP: 6/6
    28 | D        | Reached skill level 16 in Stealth
    82 | D        | Reached skill level 5 in Short Blades
    82 | D        | Reached skill level 17 in Stealth
    82 | D        | Reached XP level 6. HP: 30/32 MP: 7/7
    90 | D        | Reached skill level 5 in Throwing
    90 | D        | Reached skill level 18 in Stealth
   107 | D        | Noticed a merfolk siren
   110 | D        | Killed a merfolk siren
   111 | D        | Reached skill level 21 in Stealth
   111 | D        | Reached XP level 7. HP: 37/37 MP: 8/8
   116 | D        | Noticed Menkaure
   140 | D        | Killed Menkaure
   141 | D        | Found Comy's Magic Scroll Boutique.
   156 | D        | Found a blossoming altar of Fedhas.
   157 | D        | Found a white marble altar of Elyvilon.
   158 | D        | Found a shadowy altar of Dithmenos.
   158 | D        | Found a corrupted altar of Lugonu.
   158 | D        | Found an opulent altar of Gozag.
   158 | D        | Found a burning altar of Makhleb.
   159 | D        | Found a snail-covered altar of Cheibriados.
   159 | D        | Found an ancient bone altar of Kikubaaqudgha.
   159 | D        | Found a bloodstained altar of Trog.
   169 | D        | Succumbed to a water moccasin's poison

Illustrated notes

Levels and vault maps discovered:
D:        the_violet_keep_of_menkaure [sprint2_stairs_cluster_1,
          sprint2_shoproom, sprint2_temple, sprint2_basic_supplies,
          sprint2_obstacle_2, sprint2_obstacle_5, sprint2_obstacle_7,
          sprint2_obstacle_3, sprint2_obstacle_4, sprint2_timed_cluster_1,
          sprint2_smallroom_cluster_1, sprint2_smallroom_final_cluster_1,
          sprint2_transparent_cluster_1, sprint2_second_timed_cluster_1,
          sprint2_sniper_area_1, sprint2_heavy_combat_area_1,
          sprint2_mutation_trap_area_1, sprint2_forest_area_1,
          sprint2_light_combat_area_1, sprint2_behind_water_1,
          sprint2_near_end_vault_1]

Skill      XL: |  1  2  3  4  5  6  7 |
---------------+----------------------+-----
Fighting       | 2 3 4 |  4.1
Short Blades   | 3 4 5 6 |  6.9
Throwing       | 3 4 5 6 |  6.0
Stealth        | 11 13 14 17 21 | 21.4
Dodging        | 2 3 |  3.4

Action                     |  1- 3 |  4- 6 |  7- 9 || total
---------------------------+-------+-------+-------++-------
  Melee: Dagger            |     4 |    29 |    30 ||    63
  Throw: Dart              |       |     4 |     2 ||     6
    Use: Potion            |     1 |       |     1 ||     2
   Stab: Sleeping          |     1 |     5 |       ||     6
 Armour: Robe              |       |     3 |     9 ||    12
  Dodge: Dodged            |     4 |    11 |    15 ||    30

Table legend: (Time is in decaauts)
 A = Elapsed time spent in this place.
 B = Non-inter-level travel time spent in this place.
 C = Inter-level travel time spent in this place.
 D = Time resting spent in this place.
 E = Time spent auto-exploring this place.
 F = Levels seen in this place.
 G = Mean time per level.
                   A        B        C        D        E       F      G
               +--------+--------+--------+--------+--------+-----+--------+
         Total |    127 |    127 |      0 |     24 |      0 |   1 |  127.0 |
       Dungeon |    127 |    127 |      0 |     24 |      0 |   1 |  127.0 |
               +--------+--------+--------+--------+--------+-----+--------+

Top non-repeatable levels by time:
       D: 127 daAuts
